 Dungeon Crawl Stone Soup version 0.24.0-37-gcf1ca852f1 (webtiles) character file.

Game seed: 15727946656446821597, levelgen mode: deterministic

126 Delamore the Chopper (level 5, -9/45 HPs)
             Began as a Hill Orc Fighter on Nov 29, 2019.
             Mangled by an iguana (13 damage)
             ... on level 3 of the Dungeon.
             The game lasted 00:02:22 (1913 turns).

Delamore the Chopper (Hill Orc Fighter)             Turns: 1913, Time: 00:02:22

Health: -9/45      AC:  5    Str: 20    XL:     5   Next: 9%
Magic:  5/5        EV:  8    Int:  8    God:
Gold:   242        SH:  9    Dex: 10    Spells: 4/4 levels left

rFire    . . .     SeeInvis .   a - +0 war axe
rCold    . . .     Gourm    .   c - +0 shield
rNeg     . . .     Faith    .   q - +0 ring mail (curse)
rPois    .         Spirit   .   (no helmet)
rElec    .         Reflect  .   (no cloak)
rCorr    .         Harm     .   (no gloves)
MR       .....                  (no boots)
Stlth    ..........             (no amulet)
HPRegen  0.15/turn              (no ring)
MPRegen  0.09/turn              (no ring)

@: no status effects
A: no striking features
a: no special abilities


You were on level 3 of the Dungeon.
You were not hungry.

You visited 1 branch of the dungeon, and saw 4 of its levels.

You collected 242 gold pieces.

Inventory:

Hand Weapons
 a - a +0 war axe (weapon)
Armour
 b - a +0 scale mail
 c - a +0 shield (worn)
 q - a cursed +0 ring mail (worn)
Jewellery
 g - an uncursed ring of protection from magic {unknown}
Scrolls
 e - 5 scrolls of identify {unknown}
 h - 3 scrolls of remove curse {unknown}
 j - a scroll of enchant weapon {unknown}
 k - a scroll of fog {unknown}
 l - 2 scrolls of fear {unknown}
 n - 5 scrolls of amnesia {unknown}
 o - a scroll of blinking {unknown}
Potions
 d - a potion of might
 i - a potion of mutation {unknown}
 m - 2 potions of magic {unknown}
 p - a potion of curing {unknown}
 r - a potion of heal wounds {unknown}
Comestibles
 f - 6 rations
 s - 2 chunks of flesh


   Skills:
 - Level 3.6 Fighting
 + Level 6.8 Axes
 - Level 3.2 Armour
 - Level 3.2 Shields


You had 4 spell levels left.
You didn't know any spells.
Your spell library was empty.

Dungeon Overview and Level Annotations

Branches:
Dungeon (4/15)
 Temple: D:4-7

Altars:
Hepliaklqana
Nemelex Xobeh


Message History

You block the orc's attack. The iguana barely misses you.
You closely miss the iguana. You closely miss the orc.
The orc closely misses you. The iguana barely misses you.
You hit the iguana but do no damage. You hit the orc. The orc hits you.
The iguana bites you!
* * * LOW HITPOINT WARNING * * *
You are too injured to fight recklessly!
You are too injured to fight recklessly!
You barely miss the iguana.
Your shield prevents you from hitting the orc.
You block the orc's attack. You block the iguana's attack. The orc hits you.
* * * LOW HITPOINT WARNING * * *
You block the iguana's attack.
Unknown command.
You hit the orc but do no damage.
The orc is almost dead.
You hit the iguana. The orc hits you.
* * * LOW HITPOINT WARNING * * *
The iguana bites you!
You die...

#..#.##.............##
###..#.##[.#.###.......####
#..........#.###.##........
#.#....................####
#.##..####.............#
#.##..####.#.###..####.#
#.##......ol.# #..####.#
#.###.####l### #.......# #
#.# #.# #@# ##.####.# #
#.###.# #o# #.# #.# #
#...#.# #.# #.# #.# #
#...#.####.### #.# #.# #
#...#.##.....# ##.## #.# #
##.##.##.#.#.###.#.###.# #
#.#...#.#......###..#.####
##.#.#...).#.###.#.#.#.....
#......#.....# ##.##.######


You could see an iguana, 2 orcs and a leopard gecko.

Vanquished Creatures
  An orc wizard (D:3)
  2 adders (D:2)
  3 dart slugs
  A worm (D:2)
  2 leopard geckos
  4 orcs
  8 bats
  4 giant cockroaches
  10 goblins
  7 hobgoblins
  3 jackals (D:3)
  A quokka (D:3)
  A frilled lizard (D:1)
  8 kobolds
  8 rats
63 creatures vanquished.

Notes
Turn   | Place    | Note
-------+----------+-------------------------------------------
     0 | D:1      | Delamore the Hill Orc Fighter began the quest for the Orb.
     0 | D:1      | Reached XP level 1. HP: 19/19 MP: 1/1
    77 | D:1      | Reached skill level 3 in Axes
   107 | D:1      | Reached XP level 2. HP: 25/26 MP: 2/2
   280 | D:1      | Reached skill level 4 in Axes
   455 | D:1      | Reached XP level 3. HP: 28/31 MP: 3/3
   682 | D:2      | Reached skill level 5 in Axes
   794 | D:2      | Reached XP level 4. HP: 39/39 MP: 4/4
  1334 | D:3      | Reached skill level 6 in Axes
  1449 | D:3      | Found a hazy altar of Hepliaklqana.
  1601 | D:3      | Found a sparkling altar of Nemelex Xobeh.
  1748 | D:3      | Reached XP level 5. HP: 21/45 MP: 5/5
  1913 | D:3      | Mangled by an iguana

Levels and vault maps discovered:
D:1:      dpeg_arrival_radiant, layout_rooms, minmay_cupped
D:2:      layout_rooms
D:3:      layout_loops_ring, nicolae_overflow_crystal_walls,
          nemelex_xobeh_ov_fountains_minmay
D:4:      layout_loops_ring, grunt_dithmenos_smoke,
          eat_drink_and_be_merry_uskayaw, kennysheep_slug_shrine,
          minmay_temple_entry_overgrown, serial_shops, shop, nicolae_shop_trees,
          shop, nicolae_shop_crystal, first_ration, corexii_leaking_fountain,
          uniq_edmund

Skill      XL: |  1  2  3  4 |
---------------+-------------+-----
Axes           | 3 4 5 6 |  6.8
Fighting       | |  3.6
Armour         | |  3.2
Shields        | |  3.2

Action                   |  1- 3 |  4- 6 || total
-------------------------+-------+-------++-------
Melee: War axe           |    94 |   110 ||   204
  Eat: Chunk             |       |     4 ||     4
Armor: Scale mail        |    62 |    22 ||    84
       Ring mail         |       |    25 ||    25
Dodge: Dodged            |    28 |    40 ||    68
Block: Shield            |    76 |    54 ||   130
